Map: [ESL] Tropical Sacrifice

Players

Lambo

  • Race: Zerg Zerg
  • Spawn Location: 7:00

SKillous - Winner!

  • Race: Protoss Protoss
  • Spawn Location: 1:00

Event: DreamHack SC2 Masters 2022 Atlanta (Online)

VOD

Have the link to the VOD?

Description

Time

  • Played on: Oct. 7, 2022, 2:18 p.m.
  • Length: 11:23

All games in this series

Show
View Real Time Build Order
Export as new Build Order

Lambo Zerg 

Build Orders: Hatch First 

Get SALT Encoding   

  12  0:00  Drone  
  13  0:12  Overlord  
  13  0:17  Drone  
  14  0:31  Drone x2  
  16  0:45  Drone  
  17  0:53  Hatchery  
  17  0:55  Drone  
  17  0:59  Drone  
  18  1:09  Extractor  
  17  1:14  Spawning Pool  
  17  1:17  Drone  
  17  1:21  Drone  
  18  1:30  Drone  
  19  1:39  Drone  
  20  1:50  Overlord  
  20  2:01  Queen  
  20  2:04  Queen  
  20  2:05  Zergling x2, Drone  
  26  2:11  Zergling x2  
  26  2:14  Metabolic Boost  
  27  2:16  Drone  
  27  2:21  Drone  
  29  2:27  Drone  
  30  2:38  Hatchery  
  30  2:41  Drone  
  30  2:47  Drone  
  30  2:48  Drone  
  30  2:50  Overlord  
  32  2:56  Queen  
  34  2:58  Zergling x2  
  34  3:01  Drone  
  36  3:10  Drone  
  36  3:11  Queen  
  39  3:12  Overlord  
  39  3:17  Overlord  
  38  3:20  Drone  
  38  3:23  Drone x2  
  41  3:29  Overlord  
  41  3:31  Drone  
  42  3:34  Queen  
  42  3:36  Drone  
  42  3:38  Drone  
  42  3:41  Drone  
  47  3:45  Drone  
  47  3:46  Drone x2  
  50  3:49  Drone  
  50  3:50  Drone x2  
  53  3:56  Drone  
  53  4:00  Spore Crawler  
  52  4:03  Drone  
  52  4:05  Drone  
  52  4:06  Drone x2  
  52  4:07  Drone x2  
  58  4:12  Queen, Evolution Chamber  
  58  4:14  Spore Crawler  
  58  4:17  Zergling x2  
  58  4:19  Drone x2  
  58  4:23  Drone x2  
  64  4:24  Drone x2  
  64  4:28  Drone  
  66  4:33  Overlord  
  66  4:36  Overlord  
  66  4:39  Overlord  
  66  4:42  Zerg Melee Weapons Level 1  
  66  4:43  Overlord  
  66  4:48  Overlord  
  66  4:49  Overlord  
  66  4:52  Drone x2, Roach Warren, Extractor  
  66  4:56  Zergling x8  
  66  4:58  Zergling x2  
  71  5:01  Zergling x4  
  71  5:07  Extractor  
  71  5:11  Zergling x4  
  72  5:14  Zergling x2  
  72  5:21  Drone x8  
  79  5:22  Drone  
  79  5:24  Drone x2  
  79  5:25  Spore Crawler  
  78  5:30  Drone x2  
  78  5:34  Lair, Drone  
  79  5:38  Drone  
  79  5:41  Extractor  
  79  5:43  Drone x2  
  81  5:51  Drone x7  
  81  5:54  Drone  
  89  5:57  Extractor x2  
  89  5:58  Drone  
  89  6:00  Baneling Nest, Drone, Hatchery  
  89  6:02  Drone x3  
  90  6:10  Overlord  
  90  6:12  Overlord  
  90  6:15  Zergling x8  
  94  6:18  Zergling x2  
  94  6:23  Zergling x2  
  95  6:31  Zergling x6  
  95  6:32  Zergling x4, Evolution Chamber  
  100  6:35  Zergling x2  
  100  6:36  Hatchery  
  100  6:39  Zerg Melee Weapons Level 2  
  100  6:40  Glial Reconstitution  
  100  6:41  Zergling x4, Spire  
  100  6:44  Zergling x6  
  104  6:47  Zergling x2  
  104  6:53  Zergling x4  
  104  7:02  Zergling x10  
  104  7:07  Zergling x2, Hatchery  
  108  7:13  Zergling x14  
  113  7:18  Overlord  
  110  7:41  Drone x3  
  111  7:52  Mutalisk x13  
  111  7:56  Mutalisk  
  139  7:59  Zergling x8  
  139  8:00  Extractor  
  139  8:02  Extractor  
  141  8:06  Mutalisk  
  141  8:08  Zergling x2  
  141  8:10  Overlord x4  
  141  8:11  Overlord  
  144  8:14  Spine Crawler  
  143  8:20  Baneling x4  
  143  8:21  Overlord  
  143  8:24  Mutalisk x2  
  147  8:31  Zergling x26  
  159  8:36  Mutalisk x3  
  159  8:41  Zergling x12  
  171  8:44  Mutalisk x2  
  175  8:53  Zergling x8  
  175  8:54  Zergling x10  
  152  9:03  Zergling x16  
  152  9:08  Zergling x6  
  140  9:11  Mutalisk x3  
  133  9:20  Mutalisk x2  
  128  9:26  Drone x6  
  134  9:38  Mutalisk  
  134  9:41  Extractor  
  134  9:42  Extractor  
  134  9:45  Mutalisk x3, Hatchery  
  133  9:51  Mutalisk x2  
  141  9:53  Zergling x4  
  141  9:56  Mutalisk  
  141  9:58  Mutalisk  
  146  10:01  Mutalisk  
  146  10:06  Mutalisk  
  150  10:16  Zergling x20  
  154  10:24  Mutalisk x3  
  155  10:35  Mutalisk  
  128  10:42  Zergling x18  
  132  10:51  Overlord x2  
  132  10:54  Overlord  
Show
View Real Time Build Order
Export as new Build Order

SKillous Protoss - Winner!

Build Orders: 1 Gate Expand, Oracle Opening 

Get SALT Encoding   

  12  0:00  Probe  
  13  0:15  Pylon  
  13  0:17  Probe (Chrono Boost)  
  14  0:27  Probe (Chrono Boost)  
  15  0:32  Probe (Chrono Boost)  
  16  0:41  Gateway  
  16  0:44  Probe  
  17  0:50  Assimilator  
  17  0:56  Probe  
  18  1:08  Probe  
  19  1:20  Probe  
  20  1:28  Nexus  
  20  1:38  Cybernetics Core  
  20  1:41  Probe  
  21  1:47  Assimilator  
  21  1:53  Probe  
  22  1:57  Pylon  
  22  2:05  Probe  
  23  2:12  Adept (Chrono Boost)  
  25  2:17  Probe  
  25  2:21  Stargate  
  26  2:26  Warp Gate  
  27  2:30  Probe (Chrono Boost)  
  27  2:35  Stalker  
  29  2:40  Probe (Chrono Boost)  
  31  2:48  Probe (Chrono Boost)  
  31  2:49  Probe (Chrono Boost)  
  32  2:54  Probe (Chrono Boost)  
  32  2:55  Probe  
  34  3:01  Oracle (Chrono Boost)  
  37  3:06  Probe  
  37  3:09  Pylon  
  37  3:10  Probe  
  39  3:18  Probe  
  40  3:20  Gateway  
  40  3:26  Probe  
  43  3:29  Oracle (Chrono Boost)  
  43  3:30  Probe  
  45  3:38  Adept, Probe  
  48  3:43  Probe  
  48  3:44  Pylon  
  49  3:50  Probe  
  49  3:55  Probe  
  50  4:02  Probe  
  50  4:06  Oracle (Chrono Boost)  
  50  4:07  Probe  
  54  4:13  Nexus  
  54  4:15  Adept, Probe  
  57  4:19  Probe  
  58  4:24  Adept, Assimilator  
  58  4:26  Pylon  
  58  4:29  Probe  
  61  4:33  Probe  
  61  4:34  Twilight Council  
  61  4:37  Pylon  
  62  4:44  Probe  
  62  4:45  Probe  
  64  4:47  Adept x2  
  68  4:56  Probe  
  68  4:57  Probe  
  70  5:03  Blink (Chrono Boost)  
  68  5:08  Probe  
  68  5:10  Probe  
  68  5:11  Stalker x2  
  74  5:15  Gateway  
  74  5:17  Gateway  
  74  5:25  Probe (Chrono Boost)  
  74  5:28  Probe (Chrono Boost)  
  73  5:29  Probe (Chrono Boost)  
  73  5:34  Stalker  
  73  5:35  Stalker  
  74  5:36  Probe (Chrono Boost)  
  74  5:37  Probe (Chrono Boost)  
  74  5:38  Probe (Chrono Boost)  
  74  5:42  Forge, Pylon  
  76  5:47  Probe  
  76  5:48  Probe  
  76  5:49  Probe  
  79  5:59  Probe  
  79  6:00  Stalker x2  
  79  6:01  Probe  
  79  6:02  Assimilator  
  85  6:09  Gateway  
  85  6:13  Stalker x2  
  85  6:16  Gateway  
  85  6:17  Protoss Ground Weapons Level 1 (Chrono Boost)  
  89  6:18  Gateway  
  89  6:19  Probe x2  
  89  6:20  Gateway  
  91  6:27  Probe  
  91  6:29  Assimilator  
  91  6:30  Assimilator, Pylon  
  91  6:31  Probe x2  
  94  6:38  Nexus  
  94  6:39  Probe  
  95  6:40  Pylon  
  95  6:44  Photon Cannon  
  95  6:46  Probe  
  96  6:52  Stalker x3  
  101  6:54  Probe  
  101  6:58  Shield Battery  
  102  7:02  Shield Battery, Nexus, Charge  
  102  7:04  Pylon  
  102  7:09  Probe  
  102  7:10  Probe  
  102  7:11  Probe  
  104  7:20  Templar Archives  
  104  7:21  Probe  
  105  7:28  Nexus  
  105  7:29  Pylon  
  105  7:30  Zealot  
  105  7:31  Zealot x3  
  105  7:36  Pylon  
  113  7:43  Pylon  
  113  7:49  Shield Battery, Zealot x4  
  121  7:56  Robotics Facility  
  121  8:01  Gateway  
  121  8:02  Pylon  
  121  8:05  Gateway  
  121  8:06  Protoss Ground Weapons Level 2 (Chrono Boost)  
  121  8:07  Gateway, Probe  
  121  8:08  Probe  
  121  8:10  Probe, High Templar x2  
  121  8:11  High Templar x4  
  121  8:12  Zealot x2  
  140  8:16  Archon x2  
  140  8:17  Archon  
  140  8:20  Probe  
  141  8:30  Photon Cannon  
  131  8:34  Photon Cannon  
  131  8:35  Shield Battery, Photon Cannon  
  131  8:37  Shield Battery, Pylon  
  131  8:49  Stalker x5  
  141  8:55  Stalker  
  141  8:56  Stalker  
  141  9:06  Zealot x2  
  125  9:20  Shield Battery, Warp Prism (Chrono Boost)  
  125  9:21  Stalker x4  
  119  9:24  Photon Cannon  
  119  9:25  Probe  
  119  9:27  Photon Cannon  
  118  9:36  High Templar x4  
  126  9:42  Photon Cannon  
  126  9:43  Archon x2, Photon Cannon  
  126  9:44  Pylon  
  126  9:48  Shield Battery  
  126  9:55  High Templar x2  
  126  9:56  Zealot x2  
  134  10:01  Archon  
  134  10:05  Pylon x2  
  134  10:11  Zealot x2, High Templar x2  
  140  10:16  Archon  
  140  10:19  Phoenix, Photon Cannon  
  140  10:20  Pylon  
  141  10:21  Shield Battery, Photon Cannon  
  141  10:29  Stalker x4  
  141  10:33  Photon Cannon  
  107  10:58  Zealot x8  
Tags
 
Add a new tag
Caveats
  • Supply blocks, unpowered buildings, or Contaminate may cause inaccurate times.
  • Supply counts are checked every 10 seconds.